 Dungeon Crawl Stone Soup version bcrawl-1.19.1 (webtiles) character file.

Game seed: 11922472694020407135

98 JackS81 the Slasher (level 4, -6/35 HPs)
             Began as a Minotaur Archaeologist on Nov 29, 2019.
             Killed by nerve-wracking pain
             ... invoked by an orc priest
              (11 damage)
             ... on level 2 of the Dungeon.
             The game lasted 00:07:16 (1620 turns).

JackS81 the Slasher (Minotaur Archaeologist)        Turns: 1620, Time: 00:07:16

Health: -6/35      AC:  6    Str: 16    XL:     4   Next: 44%
Magic:  3/3        EV: 13    Int: 11    God:
Gold:   48         SH:  0    Dex:  9    Spells: 3/3 levels left

rFire    . . .     SeeInvis .   a - +0 whip
rCold    . . .     Gourm    .   (no shield)
rNeg     . . .     Faith    .   b - +1 robe
rPois    .         Spirit   .   q - +1 hat
rElec    .         Reflect  .   (no cloak)
rCorr    .         Harm     .   (no gloves)
MR       .....                  d - +1 pair of boots
Stlth    ++........             (no amulet)
HPRegen  0.11/turn              (no ring)
MPRegen  0.08/turn              (no ring)

@: hasted, studying Long Blades, very quick
A: retaliatory headbutt, horns 2
a: no special abilities


You were on level 2 of the Dungeon.
You were hungry.

You visited 1 branch of the dungeon, and saw 2 of its levels.

You collected 48 gold pieces.

Inventory:

Hand Weapons
 a - a +0 whip (weapon)
 s - a +0 short sword
Missiles
 j - 426 stones (quivered)
 p - 159 arrows
Armour
 b - a +1 robe (worn)
 c - a +1 hat
 d - a +1 pair of boots (worn)
 q - a +1 hat (worn)
Jewellery
 n - an uncursed ring of ice
Scrolls
 h - 5 scrolls of remove curse {unknown}
 i - 2 scrolls of teleportation {unknown}
 l - a scroll of enchant weapon {unknown}
 m - a scroll of fog {unknown}
 o - 4 scrolls of identify {unknown}
Potions
 k - a potion of haste
 r - a potion of heal wounds {unknown}
Books
 e - a manual of Long Blades
Miscellaneous
 f - an ancient crate
Comestibles
 g - 3 rations {!d}
 t - 5 chunks of flesh


   Skills:
 + Level 1.2 Fighting
 - Level 0.2(2.3) Short Blades
 * Level 4.2 Long Blades
 - Level 3.7 Maces & Flails
 * Level 0.8 Armour
 + Level 3.5 Dodging
 - Level 2.6 Stealth


You had 3 spell levels left.
You didn't know any spells.
Your spell library was empty.

Dungeon Overview and Level Annotations

Branches:
Dungeon (2/12)

Altars:
Fedhas
Nemelex Xobeh


Innate Abilities, Weirdness & Mutations

You reflexively headbutt those who attack you in melee.
You have a pair of horns on your head.


Message History

You completely miss the orc priest.
The orc priest is heavily wounded.
You are feeling hungry.
You hit the orc priest but do no damage.
Your headbutt misses the orc priest.
The orc priest is heavily wounded.
The orc priest misses you.
You hit the orc priest but do no damage.
The orc priest is heavily wounded.
The orc priest closely misses you. You furiously retaliate!
You headbutt the orc priest, but do no damage.
It was a potion of haste.
You feel yourself speed up. The orc priest hits you.
* * * LOW HITPOINT WARNING * * *
You hit the orc priest but do no damage.
The orc priest is heavily wounded.
You closely miss the orc priest.
The orc priest is heavily wounded.
The orc priest calls down the wrath of Beogh upon you.
Pain shoots through your body!
You die...

#.# #.# #.#
#.# #### #.#
.....##.###
.....<....# #
#o# #. #@# #
##.##.#.#
##...#.#.#####
#..#.(........
#....#.#.####.
#.#.##.#.#
#.#.##.# #
#.#.##.#
#..)...#


You could see an orc priest.

Vanquished Creatures
  An adder (D:2)
  An ooze (D:1)
  3 worms
  A dart slug (D:2)
  4 leopard geckos
  7 orcs (D:2)
  A giant cockroach (D:1)
  6 goblins
  5 hobgoblins
  8 jackals
  2 quokkas
  A ball python (D:1)
  6 bats
  A frilled lizard (D:1)
  5 kobolds
  10 rats
62 creatures vanquished.

Notes
Turn   | Place    | Note
-------+----------+-------------------------------------------
     0 | D:1      | JackS81 the Minotaur Archaeologist began the quest for the
                  | Orb.
     0 | D:1      | Reached XP level 1. HP: 16/16 MP: 0/0
    79 | D:1      | Reached XP level 2. HP: 20/23 MP: 1/1
   344 | D:1      | Reached XP level 3. HP: 28/28 MP: 2/2
   483 | D:1      | Reached skill level 1 in Long Blades
   530 | D:1      | Reached skill level 2 in Long Blades
   809 | D:2      | Reached skill level 3 in Long Blades
   866 | D:2      | Found a blossoming altar of Fedhas.
  1157 | D:2      | Reached XP level 4. HP: 31/35 MP: 3/3
  1286 | D:2      | Reached skill level 4 in Long Blades
  1578 | D:2      | Found a sparkling altar of Nemelex Xobeh.
  1620 | D:2      | Killed from afar by an orc priest

Skill      XL: |  1  2  3  4 |
---------------+-------------+-----
Maces & Flails | 2 3 |  3.7
Long Blades    | 3 4 |  4.2
Fighting       | |  1.2
Short Blades   | |  0.2
Armour         | |  0.8
Dodging        | |  3.5
Stealth        | |  2.6

Action                   |  1- 3 |  4- 6 || total
-------------------------+-------+-------++-------
Melee: Whip              |   143 |    62 ||   205
       Headbutt          |     9 |     9 ||    18
Throw: Stone             |     3 |     2 ||     5
  Use: Potion            |       |     1 ||     1
 Stab: Sleeping          |     4 |       ||     4
  Eat: Chunk             |     1 |     1 ||     2
Armor: Robe              |    44 |    10 ||    54
Dodge: Dodged            |   106 |    28 ||   134
